 Dungeon Crawl Stone Soup version 0.28.0-53-g5a82cb258f (webtiles) character file.

Game seed: 17020882236482089376

155 Ashen the Chiller (level 5, 0/50 HPs)
             Began as an Ogre Ice Elementalist on July 1, 2022.
             Succumbed to an orc wizard's poison
             ... on level 3 of the Dungeon.
             The game lasted 00:04:04 (2991 turns).

Ashen the Chiller (Ogre Ice Elementalist)           Turns: 2991, Time: 00:04:05

Health: 0/50       AC:  3    Str: 10 (12) XL:     5   Next: 37%
Magic:  2/10       EV:  9    Int: 17 (18) God:
Gold:   105        SH:  0    Dex:  6 (9)  Spells: 3/10 levels left

rFire   . . .      SeeInvis .   k - +7 staff of the Meek {protect, meekguard}
rCold   . . .      Faith    .   (shield currently unavailable)
rNeg    . . .      Spirit   .   a - +0 robe
rPois   .          Reflect  .   (helmet restricted)
rElec   .          Harm     .   (no cloak)
rCorr   .          Rampage  .   (gloves unavailable)
Will    .....                   (boots unavailable)
Stlth   ++........              (no amulet)
HPRegen 0.16/turn               (no ring)
MPRegen 0.12/turn               (no ring)

@: lethally poisoned (0 -> -4), attractive, hasted, invisible, very quick
A: large, unfitting armour, tough skin 1
a: no special abilities


You were on level 3 of the Dungeon.
You visited 1 branch of the dungeon, and saw 3 of its levels.

You collected 105 gold pieces.

Inventory:

Hand Weapons
 c - a +0 whip
 k - the +7 staff of the Meek (weapon) {protect, meekguard}
   (You found it on level 2 of the Dungeon)

   It grants its wielder temporary protection when it strikes (+7 to AC).
   It provides extra protection to wielders with little health.
Armour
 a - a +0 robe (worn)
Jewellery
 d - a ring of ice
 i - a ring of protection from fire
Scrolls
 b - a scroll of identify
 e - a scroll of enchant armour
 j - a scroll of teleportation {unknown}
 m - a scroll of noise {unknown}


   Skills:
 + Level 2.6 Fighting
 + Level 2.6 Dodging
 + Level 2.3 Stealth
 + Level 3.3 Spellcasting
 + Level 4.1 Ice Magic


You had 3 spell levels left.
You knew the following spells:

 Your Spells              Type           Power      Damage    Failure   Level
a - Freeze                Ice            68%        1d8       3%          1
b - Frozen Ramparts       Ice            34%        1d5       9%          3
c - Ozocubu's Armour      Ice            17%        N/A       9%          3

Your spell library contained the following spells:

 Spells                   Type           Power      Damage    Failure   Level
 Hailstorm                Conj/Ice       9%         3d4       56%         4


Dungeon Overview and Level Annotations

Branches:
Dungeon (3/15)

Altars:


Innate Abilities, Weirdness & Mutations

You are too large for most types of armour.
You have tough skin. (AC +1)


Message History

Aiming: Freeze (safe; 2% risk of failure)
Press: ? - help, Shift-Dir - straight line, f/p - orc
Aim: an orc, wielding a +0 club (heavily wounded)
You freeze the orc.
You kill the orc!
* * * LOW HITPOINT WARNING * * *
You feel very sick. The orc hits you with a +0 war axe.
* * * LOW HITPOINT WARNING * * *
Unknown command.
Casting: Freeze (safe; 2% risk of failure)
Confirm with . or Enter, or press ? or * to list all spells.
Aiming: Freeze (safe; 2% risk of failure)
Press: ? - help, Shift-Dir - straight line, f - orc
Aim: an orc, wielding a +0 war axe You freeze the orc!
You kill the orc!
* * * LOW HITPOINT WARNING * * *
You feel very sick.
It was a potion of invisibility.
You fade into invisibility!
* * * LOW HITPOINT WARNING * * *
You feel sick.
It was a potion of haste.
You feel yourself speed up.
* * * LOW HITPOINT WARNING * * *
You feel sick.
It was a potion of degeneration.
There was something very wrong with that liquid.
You feel weakened.
You feel dopey.
You feel clumsy.
* * * LOW HITPOINT WARNING * * *
You feel sick.
It was a potion of attraction.
You feel attractive to monsters.
* * * LOW HITPOINT WARNING * * *
You feel sick.
You aren't carrying any potions.
As you read the scroll labelled RIGYGI CEIME, it crumbles to dust.
It is a scroll of identify.
e - a scroll of enchant armour You die...

.. ##..............
.....[...........#
[................#
#...............##
#............)..
#.............#
#.............###.##
#...........≈)≈≈..≈.
#####.....†#....@)......
.........####.≈.≈≈......
###......# #≈≈≈.≈≈≈≈≈≈≈≈
###...†..#≈≈≈≈≈≈≈≈≈≈≈≈≈≈
.........####≈≈..≈......
###..........#.#...≈.≈≈.
# #..†.......#.#####..##
#..........#.# #..
#.#######....


There were no monsters in sight!

Vanquished Creatures
  An orc wizard (D:3)
  6 adders
  3 dart slugs (D:1)
  3 orcs (D:3)
  7 endoplasms
  A giant cockroach (D:2)
  8 goblins
  5 hobgoblins
  2 jackals (D:3)
  4 quokkas
  7 ball pythons
  8 bats
  3 frilled lizards
  5 kobolds
  2 rats (D:1)
65 creatures vanquished.

Notes
Turn   | Place    | Note
-------+----------+-------------------------------------------
     0 | D:1      | Ashen the Ogre Ice Elementalist began the quest for the
                  | Orb.
     0 | D:1      | Reached XP level 1. HP: 16/16 MP: 3/3
   199 | D:1      | Reached XP level 2. HP: 20/26 MP: 1/5
   334 | D:1      | Reached skill level 1 in Fighting
   630 | D:1      | Reached XP level 3. HP: 26/33 MP: 5/7
  1967 | D:2      | Reached XP level 4. HP: 37/42 MP: 5/8
  1971 | D:2      | Reached skill level 4 in Ice Magic
  2346 | D:2      | Found the +7 staff of the Meek {protect, meekguard}
  2859 | D:3      | Learned a level 3 spell: Frozen Ramparts
  2876 | D:3      | Learned a level 3 spell: Ozocubu's Armour
  2922 | D:3      | Reached XP level 5. HP: 47/50 MP: 5/9
  2988 | D:3      | HP: 2/50 [poisoned by an orc wizard]
  2991 | D:3      | Succumbed to an orc wizard's poison

Illustrated notes

Levels and vault maps discovered:
D:1:      saegor_arrival_simple_e, layout_loops_ring, minmay_misc_feat_columns,
          serial_bayou_pond_e, columned_hall_lemuel, chequers_decorated_corner
D:2:      layout_loops_corners
D:3:      layout_rooms, chequers_garden, hangedman_abyss_or_decor_stabs,
          chequers_serial_rivers_small_3

Skill      XL: |  1  2  3  4 |
---------------+-------------+-----
Dodging        | 2 |  2.6
Fighting       | 1 2 |  2.6
Spellcasting   | 3 |  3.3
Stealth        | 2 |  2.3
Ice Magic      | 4 |  4.1

Action                   |  1- 3 |  4- 6 || total
-------------------------+-------+-------++-------
Melee: Unarmed           |    10 |       ||    10
       Whip              |    66 |     5 ||    71
       Punch             |     1 |       ||     1
       Quarterstaff      |       |    35 ||    35
 Cast: Freeze            |    37 |    29 ||    66
  Use: Potion            |       |     4 ||     4
       Scroll            |       |     1 ||     1
 Stab: Sleeping          |     5 |       ||     5
Armor: Robe              |    21 |    27 ||    48
Dodge: Dodged            |    58 |    35 ||    93
